BAKERSFIELD Condors vs CHICAGO Wolves

Created - 22 avril 2024 at 11:11

Goals
1 2 3 T
BAKERSFIELD Condors 0 1 1 2
CHICAGO Wolves 4 2 0 6
Shots
1 2 3 T
BAKERSFIELD Condors 6 15 6 27
CHICAGO Wolves 21 8 8 37

1st period

1. CHICAGO Wolves , Ondrej Kase 47 (Lias Andersson 50, Jack McBain 66) at 7:44 (PP)
2. CHICAGO Wolves , Ondrej Kase 48 (Jack McBain 67) at 11:04
3. CHICAGO Wolves , Morgan Barron 49 (Roland McKeown 46, Aleksi Heponiemi 16) at 12:44
4. CHICAGO Wolves , Jansen Harkins 35 (Karson Kuhlman 63, Morgan Barron 82) at 13:06

Penalties :
Thomas Bordeleau (edm) for Roughing (Minor) at 7:11

2nd period

5. CHICAGO Wolves , Isaak Phillips 13 (Morgan Barron 83, Jansen Harkins 48) at 12:10 (PP)
6. BAKERSFIELD Condors , Jack Quinn 79 (Thomas Bordeleau 27, Marcus Bjork 66) at 12:52
7. CHICAGO Wolves , Morgan Barron 50 (Noel Hoefenmayer 42, Karson Kuhlman 64) at 13:07

Penalties :
Karson Kuhlman (car) for Roughing (Minor) at 1:17, Matej Blumel (edm) for Holding (Minor) at 1:17, Mikko Kokkonen (car) for Tripping (Minor) at 7:56, Andrej Sustr (edm) for Tripping (Minor) at 11:09, Noel Hoefenmayer (car) for Roughing (Minor) at 13:54

3rd period

8. BAKERSFIELD Condors , Marcus Bjork 16 (J.J. Peterka 61) at 9:49

Penalties :
Marcus Bjork (edm) for Diving (Minor) at 1:46, Matej Blumel (edm) for Tripping (Minor) at 14:12

Goalie Stats

Mads Sogaard (edm), 19 saves from 24 shots - (0,792), L, 59-31-2, 32:10 minutes
Jaxson Stauber (edm), 12 saves from 13 shots - (0,923), 27:50 minutes
Anthony Stolarz (car), 25 saves from 27 shots - (0,926), W, 58-21-3, 60:00 minutes

Players Stats for BAKERSFIELD Condors

Player Name              G  A  P  +/- PIM S  H  SB GA TA FO     MP     PP MP  PK MP  
------------------------------------------------------------------------------------
Andrej Sustr             0  0  0  -2  2   1  1  2  0  0  0/0    18:16   1:37   2:42 
Haydn Fleury             0  0  0   2  0   2  3  3  0  0  0/0    23:40   2:21   2:06 
J.J. Peterka             0  1  1   0  0   3  0  0  0  0  0/1    22:54   2:21   2:31 
Jack Quinn               1  0  1  -1  0   4  5  1  0  0  7/14   24:28   2:21   2:39 
Lassi Thomson            0  0  0  -1  0   0  1  1  0  0  0/0    11:39   0:00   0:24 
Lukas Reichel            0  0  0   0  0   3  0  1  0  0  5/10   22:29   2:21   2:29 
Madison Bowey            0  0  0  -1  0   0  0  1  0  0  0/0     6:04   0:00   0:00 
Marcus Bjork             1  1  2   2  2   2  3  1  0  0  0/0    22:51   2:21   1:18 
Matej Blumel             0  0  0  -1  4   1  3  0  0  0  1/2    19:18   1:37   0:00 
Milos Kelemen            0  0  0  -1  0   0  1  0  0  0  0/0    13:57   0:00   0:00 
Otto Leskinen            0  0  0   0  0   0  0  0  0  0  0/0     0:00   0:00   0:00 
Ryan O'Rourke            0  0  0  -1  0   1  1  2  0  0  0/0     6:04   0:00   0:00 
Shane Bowers             0  0  0   0  0   0  2  0  0  0  10/13  13:28   0:00   0:57 
Thomas Bordeleau         0  1  1  -1  2   2  1  1  0  0  11/20  14:13   0:14   0:03 
Trevor Carrick           0  0  0  -2  0   3  2  0  0  0  0/0    19:01   1:37   3:26 
Trey Fix-Wolansky        0  0  0  -1  0   2  0  0  0  0  0/1    21:55   1:23   2:01 
Will Bitten              0  0  0  -1  0   3  0  0  0  0  9/27   19:20   1:37   0:00 
Wyatt Kaiser             0  0  0  -1  0   0  1  0  0  0  0/0    12:47   0:00   1:32 

Players Stats for CHICAGO Wolves

Player Name              G  A  P  +/- PIM S  H  SB GA TA FO     MP     PP MP  PK MP  
------------------------------------------------------------------------------------
Aleksi Heponiemi         0  1  1   1  0   1  0  0  0  0  0/0     4:14   0:00   0:00 
Chase De Leo             0  0  0  -1  0   1  0  0  0  0  1/1    13:42   0:00   0:00 
Glenn Gawdin             0  0  0   1  0   0  1  0  0  0  2/7     4:14   0:00   0:00 
Isaak Phillips           1  0  1   2  0   2  1  2  0  0  0/0    24:14   3:18   2:01 
Jack McBain              0  2  2   0  0   4  5  0  0  0  13/25  21:41   3:34   2:40 
Jansen Harkins           1  1  2   2  0   2  1  0  0  0  0/0    18:13   1:58   0:12 
Joseph Cecconi           0  0  0   0  0   2  2  2  0  0  0/0    23:03   2:14   1:57 
Karson Kuhlman           0  2  2   2  2   2  2  0  0  0  1/6    19:06   1:58   1:06 
Kole Lind                0  0  0  -1  0   2  0  0  0  0  0/1    16:20   0:00   0:23 
Lias Andersson           0  1  1   0  0   2  1  0  0  0  1/3    18:06   3:34   0:00 
Mikko Kokkonen           0  0  0   0  2   1  1  1  0  0  0/0    15:57   0:00   0:58 
Morgan Barron            2  2  4   3  0   6  1  0  0  0  16/28  25:59   1:58   2:29 
Nate Schnarr             0  0  0  -1  0   0  0  2  0  0  0/0     4:13   0:00   0:00 
Nikita Alexandrov        0  0  0  -1  0   3  1  1  0  0  10/16  13:42   0:00   0:00 
Noel Hoefenmayer         0  1  1   3  2   0  2  1  0  0  0/0    25:22   3:18   1:03 
Ondrej Kase              2  0  2   0  0   7  1  0  0  0  1/1    19:36   3:34   1:06 
Roland McKeown           0  1  1   0  0   2  0  2  0  0  0/0    25:18   2:14   1:57 
Zayde Wisdom             0  0  0   0  0   0  0  0  0  0  0/0     1:00   0:00   0:00 

3 Stars

1 - Morgan Barron (car)
2 - Jansen Harkins (car)
3 - Ondrej Kase (car)

Power Play

BAKERSFIELD Condors - 0 on 2 Attempt(s) - 0,00%
CHICAGO Wolves - 2 on 4 Attempt(s) - 50,00%

Penalty Kill

BAKERSFIELD Condors - 2 on 4 Attempt(s) - 50,00% - Score 0 goal in Penalty Kill
CHICAGO Wolves - 2 on 2 Attempt(s) - 100,00% - Score 0 goal in Penalty Kill

Team Stat

BAKERSFIELD Condors - Hits : 24 - Faceoff Wins : 43 - Blocked Shots : 13 - Penalty Minutes : 10
CHICAGO Wolves - Hits : 19 - Faceoff Wins : 45 - Blocked Shots : 11 - Penalty Minutes : 6

Official

Referees : Unknown
Linesman : Unknown

Game Notes

Jaxson Stauber enters game at 12:10 of 2nd period

BAKERSFIELD Condors

5 vs 5 Forward 
   Center                   Left Wing                Right Wing               Time % Phy DF OF 
 1 Lukas Reichel            Jack Quinn               J.J. Peterka             40     1   2  2  
 2 Will Bitten              Matej Blumel             Trey Fix-Wolansky        30     1   2  2  
 3 Thomas Bordeleau         Jack Quinn               Milos Kelemen            20     1   2  2  
 4 Shane Bowers             J.J. Peterka             Lukas Reichel            10     1   2  2  

5 vs 5 Defense 
   Defense                  Defense                                           Time % Phy DF OF 
 1 Haydn Fleury             Marcus Bjork                                      40     1   2  2  
 2 Trevor Carrick           Andrej Sustr                                      30     1   2  2  
 3 Wyatt Kaiser             Lassi Thomson                                     20     1   2  2  
 4 Madison Bowey            Ryan O'Rourke                                     10     1   2  2  

PowerPlay Forward 
   Center                   Left Wing                Right Wing               Time % Phy DF OF 
 1 Lukas Reichel            Jack Quinn               J.J. Peterka             60     1   2  2  
 2 Will Bitten              Matej Blumel             Trey Fix-Wolansky        40     1   2  2  

PowerPlay Defense
   Defense                  Defense                                           Time % Phy DF OF 
 1 Haydn Fleury             Marcus Bjork                                      60     1   2  2  
 2 Trevor Carrick           Andrej Sustr                                      40     1   2  2  

Penalty Kill 4 Players Forward 
   Center                   Wing                     Time % Phy DF OF 
 1 Jack Quinn               J.J. Peterka             60     1   2  2  
 2 Lukas Reichel            Trey Fix-Wolansky        40     1   2  2  

Penalty Kill 4 Players Defense
   Defense                  Defense                  Time % Phy DF OF 
 1 Haydn Fleury             Marcus Bjork             60     1   2  2  
 2 Trevor Carrick           Andrej Sustr             40     1   2  2  

Penalty Kill - 3 Players Forward 
   Forward                                           Time % Phy DF OF 
 1 Jack Quinn                                        60     1   2  2  
 2 J.J. Peterka                                      40     1   2  2  

Penalty Kill - 3 Players Defense
   Defense                  Defense                  Time % Phy DF OF 
 1 Haydn Fleury             Marcus Bjork             60     1   2  2  
 2 Trevor Carrick           Andrej Sustr             40     1   2  2  

4 vs 4 Forward 
   Center                   Wing                     Time % Phy DF OF 
 1 Jack Quinn               J.J. Peterka             60     1   2  2  
 2 Lukas Reichel            Trey Fix-Wolansky        40     1   2  2  

4 vs 4 Defense
   Defense                  Defense                  Time % Phy DF OF 
 1 Haydn Fleury             Marcus Bjork             60     1   2  2  
 2 Trevor Carrick           Andrej Sustr             40     1   2  2  

Last Minutes Offensive
   Center                   Left Wing                Right Wing               Defense                  Defense                  
   Lukas Reichel            Jack Quinn               J.J. Peterka             Haydn Fleury             Marcus Bjork             

Last Minutes Defensive
   Center                   Left Wing                Right Wing               Defense                  Defense                  
   Lukas Reichel            Jack Quinn               J.J. Peterka             Haydn Fleury             Marcus Bjork             

Goaltenders
Starting : Mads Sogaard             
Backup : Jaxson Stauber           
Third : Calle Clang              

Extra Forwards
Normal : Thomas Bordeleau, Milos Kelemen, Shane Bowers - PP : Thomas Bordeleau, Milos Kelemen - PK : Shane Bowers
Extra Defensemen
Normal : Otto Leskinen, Wyatt Kaiser, Lassi Thomson - PP : Otto Leskinen - PK : Wyatt Kaiser, Lassi Thomson
Penalty Shots
Jack Quinn, J.J. Peterka, Lukas Reichel, Trey Fix-Wolansky, Will Bitten

Scratches
Aleksi Saarela (Healthy), Greg Chase (Healthy), Vladislav Kamenev (Healthy), Anthony Louis (Healthy), Dylan Sadowy (Healthy)
Jonathan Dahlen (Healthy), Niclas Almari (Healthy), Carson Focht (Healthy)

CHICAGO Wolves

5 vs 5 Forward 
   Center                   Left Wing                Right Wing               Time % Phy DF OF 
 1 Morgan Barron            Jansen Harkins           Karson Kuhlman           40     1   2  2  
 2 Jack McBain              Lias Andersson           Ondrej Kase              30     1   2  2  
 3 Nikita Alexandrov        Chase De Leo             Kole Lind                20     1   2  2  
 4 Glenn Gawdin             Aleksi Heponiemi         Morgan Barron            10     1   2  2  

5 vs 5 Defense 
   Defense                  Defense                                           Time % Phy DF OF 
 1 Noel Hoefenmayer         Isaak Phillips                                    40     1   2  2  
 2 Roland McKeown           Joseph Cecconi                                    30     1   2  2  
 3 Mikko Kokkonen           Noel Hoefenmayer                                  20     1   2  2  
 4 Isaak Phillips           Roland McKeown                                    10     1   2  2  

PowerPlay Forward 
   Center                   Left Wing                Right Wing               Time % Phy DF OF 
 1 Morgan Barron            Jansen Harkins           Karson Kuhlman           60     1   2  2  
 2 Jack McBain              Lias Andersson           Ondrej Kase              40     1   2  2  

PowerPlay Defense
   Defense                  Defense                                           Time % Phy DF OF 
 1 Noel Hoefenmayer         Isaak Phillips                                    60     1   2  2  
 2 Roland McKeown           Joseph Cecconi                                    40     1   2  2  

Penalty Kill 4 Players Forward 
   Center                   Wing                     Time % Phy DF OF 
 1 Morgan Barron            Jack McBain              60     1   2  2  
 2 Karson Kuhlman           Ondrej Kase              40     1   2  2  

Penalty Kill 4 Players Defense
   Defense                  Defense                  Time % Phy DF OF 
 1 Noel Hoefenmayer         Isaak Phillips           60     1   2  2  
 2 Roland McKeown           Joseph Cecconi           40     1   2  2  

Penalty Kill - 3 Players Forward 
   Forward                                           Time % Phy DF OF 
 1 Morgan Barron                                     60     1   2  2  
 2 Jack McBain                                       40     1   2  2  

Penalty Kill - 3 Players Defense
   Defense                  Defense                  Time % Phy DF OF 
 1 Noel Hoefenmayer         Isaak Phillips           60     1   2  2  
 2 Roland McKeown           Joseph Cecconi           40     1   2  2  

4 vs 4 Forward 
   Center                   Wing                     Time % Phy DF OF 
 1 Morgan Barron            Jack McBain              60     1   2  2  
 2 Karson Kuhlman           Ondrej Kase              40     1   2  2  

4 vs 4 Defense
   Defense                  Defense                  Time % Phy DF OF 
 1 Noel Hoefenmayer         Isaak Phillips           60     1   2  2  
 2 Roland McKeown           Joseph Cecconi           40     1   2  2  

Last Minutes Offensive
   Center                   Left Wing                Right Wing               Defense                  Defense                  
   Morgan Barron            Jansen Harkins           Karson Kuhlman           Noel Hoefenmayer         Isaak Phillips           

Last Minutes Defensive
   Center                   Left Wing                Right Wing               Defense                  Defense                  
   Morgan Barron            Jansen Harkins           Karson Kuhlman           Noel Hoefenmayer         Isaak Phillips           

Goaltenders
Starting : Anthony Stolarz          
Backup : Mikhail Berdin           

Extra Forwards
Normal : Nate Schnarr, Zayde Wisdom, Kole Lind - PP : Nate Schnarr, Zayde Wisdom - PK : Kole Lind
Extra Defensemen
Normal : Mikko Kokkonen, Joseph Cecconi, Noel Hoefenmayer - PP : Mikko Kokkonen - PK : Joseph Cecconi, Noel Hoefenmayer
Penalty Shots
Morgan Barron, Jack McBain, Karson Kuhlman, Ondrej Kase, Jansen Harkins

Scratches
Nelson Nogier (Healthy), Sami Niku (Healthy), Luka Burzan (Healthy), Mason Millman (Healthy)

% Time on Ice - BAKERSFIELD Condors

Lines # - Real PCT - Wanted PCT - Time Play
Normal Forward
1 - 9% - 40% - 4:34
2 - 37% - 30% - 17:43
3 - 29% - 20% - 13:57
4 - 25% - 10% - 12:17
Normal Defense
1 - 38% - 40% - 18:25
2 - 26% - 30% - 12:47
3 - 23% - 20% - 11:15
4 - 13% - 10% - 6:04
PP Forward
1 - 59% - 60% - 2:21
2 - 41% - 40% - 1:37
PP Defense
1 - 59% - 60% - 2:21
2 - 41% - 40% - 1:37
PK Forward
1 - 64% - 60% - 3:31
2 - 36% - 40% - 2:01
PK Defense
1 - 38% - 60% - 2:06
2 - 62% - 40% - 3:26
PK3 Forward
1 - 0% - 60%
2 - 0% - 40%
PK3 Defense
1 - 0% - 60%
2 - 0% - 40%
44 Forward
1 - 60% - 60% - 1:11
2 - 40% - 40% - 0:48
44 Defense
1 - 40% - 60% - 0:48
2 - 60% - 40% - 1:11
Last Minute Offensive  - 0:00
Last Minute Defensive  - 0:00
Total
Forward - 60:00
Defense - 60:00

% Time on Ice - CHICAGO Wolves

Lines # - Real PCT - Wanted PCT - Time Play
Normal Forward
1 - 33% - 40% - 16:03
2 - 30% - 30% - 14:32
3 - 28% - 20% - 13:42
4 - 9% - 10% - 4:14
Normal Defense
1 - 30% - 40% - 14:19
2 - 35% - 30% - 17:02
3 - 27% - 20% - 12:58
4 - 9% - 10% - 4:12
PP Forward
1 - 36% - 60% - 1:58
2 - 64% - 40% - 3:34
PP Defense
1 - 60% - 60% - 3:18
2 - 40% - 40% - 2:14
PK Forward
1 - 72% - 60% - 2:52
2 - 28% - 40% - 1:06
PK Defense
1 - 51% - 60% - 2:01
2 - 49% - 40% - 1:57
PK3 Forward
1 - 0% - 60%
2 - 0% - 40%
PK3 Defense
1 - 0% - 60%
2 - 0% - 40%
44 Forward
1 - 80% - 60% - 1:35
2 - 20% - 40% - 0:24
44 Defense
1 - 63% - 60% - 1:15
2 - 37% - 40% - 0:44
Last Minute Offensive  - 0:00
Last Minute Defensive  - 0:00
Total
Forward - 60:00
Defense - 60:00

Play-by-Play

1st period


0:01 of 1st period - Jack Quinn wins face-off versus Morgan Barron in neutral zone.
1:03 of 1st period - Trey Fix-Wolansky is hit by Jack McBain and loses puck.
1:25 of 1st period - Shot by Jack McBain.
1:25 of 1st period - Shot Misses the Net.
1:27 of 1st period - Shot by Roland McKeown.
1:27 of 1st period - Stopped by Mads Sogaard without a rebound.
1:28 of 1st period - Thomas Bordeleau wins face-off versus Nikita Alexandrov in BAKERSFIELD Condors zone.
1:45 of 1st period - Shot by Chase De Leo.
1:45 of 1st period - Shot Misses the Net.
2:23 of 1st period - Shot by Lukas Reichel.
2:23 of 1st period - Shot Misses the Net.
2:25 of 1st period - Shot by Ryan O'Rourke.
2:25 of 1st period - Stopped by Anthony Stolarz without a rebound.
2:26 of 1st period - Jack McBain wins face-off versus Shane Bowers in CHICAGO Wolves zone.
2:43 of 1st period - Shot by Lias Andersson.
2:43 of 1st period - Shot Blocked by Marcus Bjork.
2:45 of 1st period - Shot by Isaak Phillips.
2:45 of 1st period - Stopped by Mads Sogaard without a rebound.
2:46 of 1st period - Nikita Alexandrov wins face-off versus Will Bitten in BAKERSFIELD Condors zone.
2:47 of 1st period - Shot by Mikko Kokkonen.
2:47 of 1st period - Stopped by Mads Sogaard with a rebound.
2:49 of 1st period - Shot by Nikita Alexandrov.
2:49 of 1st period - Shot Blocked by Andrej Sustr.
2:51 of 1st period - Shot by Chase De Leo.
2:51 of 1st period - Deflect By Kole Lind.
2:51 of 1st period - Shot Blocked by Andrej Sustr.
4:39 of 1st period - Icing by Marcus Bjork.
4:40 of 1st period - Nikita Alexandrov wins face-off versus J.J. Peterka in BAKERSFIELD Condors zone.
5:04 of 1st period - Nikita Alexandrov is hit by Marcus Bjork and loses puck.
5:27 of 1st period - Shot by Morgan Barron.
5:27 of 1st period - Stopped by Mads Sogaard without a rebound.
5:28 of 1st period - Jack McBain wins face-off versus Thomas Bordeleau in BAKERSFIELD Condors zone.
5:35 of 1st period - Shot by Jack McBain.
5:35 of 1st period - Shot Blocked by Madison Bowey.
5:37 of 1st period - Shot by Joseph Cecconi.
5:37 of 1st period - Shot Misses the Net.
5:39 of 1st period - Shot by Ondrej Kase.
5:39 of 1st period - Stopped by Mads Sogaard without a rebound.
5:40 of 1st period - Morgan Barron wins face-off versus Will Bitten in BAKERSFIELD Condors zone.
6:02 of 1st period - Shot by Morgan Barron.
6:02 of 1st period - Shot Misses the Net.
6:04 of 1st period - Shot by Morgan Barron.
6:04 of 1st period - Shot Blocked by Lassi Thomson.
6:15 of 1st period - Icing by Wyatt Kaiser.
6:16 of 1st period - Will Bitten wins face-off versus Jack McBain in BAKERSFIELD Condors zone.
6:16 of 1st period - Will Bitten is hit by Ondrej Kase.
6:41 of 1st period - Will Bitten is hit by Mikko Kokkonen.
6:48 of 1st period - Icing by Mikko Kokkonen.
6:49 of 1st period - Jack McBain wins face-off versus Jack Quinn in CHICAGO Wolves zone.
7:11 of 1st period - Minor Penalty to Thomas Bordeleau for Roughing.
7:12 of 1st period - Morgan Barron wins face-off versus Jack Quinn in BAKERSFIELD Condors zone.
7:21 of 1st period - Shot by Karson Kuhlman.
7:21 of 1st period - Shot Hit the Post.
7:40 of 1st period - Shot by Morgan Barron.
7:40 of 1st period - Stopped by Mads Sogaard without a rebound.
7:41 of 1st period - Jack McBain wins face-off versus Jack Quinn in BAKERSFIELD Condors zone.
7:44 of 1st period - Shot by Ondrej Kase.
7:44 of 1st period - Goal by Ondrej Kase - BAKERSFIELD Condors : 0 - CHICAGO Wolves : 1.
7:45 of 1st period - Will Bitten wins face-off versus Nikita Alexandrov in neutral zone.
7:45 of 1st period - Will Bitten is hit by Nikita Alexandrov.
7:59 of 1st period - Icing by Isaak Phillips.
8:00 of 1st period - Shane Bowers wins face-off versus Nikita Alexandrov in CHICAGO Wolves zone.
8:05 of 1st period - Shot by J.J. Peterka.
8:05 of 1st period - Shot Misses the Net.
8:14 of 1st period - Chase De Leo is hit by Marcus Bjork and loses puck.
8:19 of 1st period - Shot by Nikita Alexandrov.
8:19 of 1st period - Shot Blocked by Haydn Fleury.
8:39 of 1st period - Shot by Morgan Barron.
8:39 of 1st period - Shot Blocked by Lukas Reichel.
9:03 of 1st period - Shot by Morgan Barron.
9:03 of 1st period - Shot Misses the Net.
9:13 of 1st period - Shot by Jack McBain.
9:13 of 1st period - Stopped by Mads Sogaard with a rebound.
9:15 of 1st period - Shot by Ondrej Kase.
9:15 of 1st period - Stopped by Mads Sogaard without a rebound.
9:16 of 1st period - Thomas Bordeleau wins face-off versus Jack McBain in BAKERSFIELD Condors zone.
9:40 of 1st period - Shot by Lias Andersson.
9:40 of 1st period - Stopped by Mads Sogaard without a rebound.
9:41 of 1st period - Nikita Alexandrov wins face-off versus Will Bitten in BAKERSFIELD Condors zone.
9:51 of 1st period - Icing by Noel Hoefenmayer.
9:52 of 1st period - Nikita Alexandrov wins face-off versus Will Bitten in CHICAGO Wolves zone.
10:12 of 1st period - Will Bitten is hit by Noel Hoefenmayer and loses puck.
10:16 of 1st period - Matej Blumel is hit by Isaak Phillips.
10:18 of 1st period - Shot by Will Bitten.
10:18 of 1st period - Shot Blocked by Isaak Phillips.
10:20 of 1st period - Shot by Trey Fix-Wolansky.
10:20 of 1st period - Stopped by Anthony Stolarz without a rebound.
10:21 of 1st period - Jack Quinn wins face-off versus Karson Kuhlman in CHICAGO Wolves zone.
10:21 of 1st period - Trevor Carrick is hit by Joseph Cecconi.
10:50 of 1st period - Icing by Andrej Sustr.
10:51 of 1st period - Thomas Bordeleau wins face-off versus Jack McBain in BAKERSFIELD Condors zone.
10:51 of 1st period - Thomas Bordeleau is hit by Jack McBain.
10:54 of 1st period - Icing by Jack Quinn.
10:55 of 1st period - Jack McBain wins face-off versus Thomas Bordeleau in BAKERSFIELD Condors zone.
11:04 of 1st period - Shot by Ondrej Kase.
11:04 of 1st period - Goal by Ondrej Kase - BAKERSFIELD Condors : 0 - CHICAGO Wolves : 2.
11:05 of 1st period - Morgan Barron wins face-off versus Will Bitten in neutral zone.
11:08 of 1st period - Marcus Bjork is hit by Morgan Barron and loses puck.
11:41 of 1st period - Icing by Marcus Bjork.
11:42 of 1st period - Lias Andersson wins face-off versus Will Bitten in BAKERSFIELD Condors zone.
12:32 of 1st period - Off-side.
12:33 of 1st period - Glenn Gawdin wins face-off versus Jack Quinn in neutral zone.
12:44 of 1st period - Shot by Morgan Barron.
12:44 of 1st period - Goal by Morgan Barron - BAKERSFIELD Condors : 0 - CHICAGO Wolves : 3.
12:45 of 1st period - Shane Bowers wins face-off versus Karson Kuhlman in neutral zone.
12:50 of 1st period - Shot by Lukas Reichel.
12:50 of 1st period - Shot Misses the Net.
13:04 of 1st period - Shot by Karson Kuhlman.
13:04 of 1st period - Shot Misses the Net.
13:06 of 1st period - Shot by Jansen Harkins.
13:06 of 1st period - Goal by Jansen Harkins - BAKERSFIELD Condors : 0 - CHICAGO Wolves : 4.
13:07 of 1st period - Nikita Alexandrov wins face-off versus Thomas Bordeleau in neutral zone.
13:07 of 1st period - Chase De Leo is hit by Jack Quinn and loses puck.
13:29 of 1st period - Nikita Alexandrov is hit by Jack Quinn and loses puck.
13:47 of 1st period - Nikita Alexandrov is hit by Jack Quinn and loses puck.
14:10 of 1st period - Shot by Trey Fix-Wolansky.
14:10 of 1st period - Shot Blocked by Nikita Alexandrov.
14:14 of 1st period - Shot by Trevor Carrick.
14:14 of 1st period - Stopped by Anthony Stolarz with a rebound.
14:16 of 1st period - Shot by Trey Fix-Wolansky.
14:16 of 1st period - Shot Misses the Net.
14:24 of 1st period - Shot by Matej Blumel.
14:24 of 1st period - Deflect By Will Bitten.
14:24 of 1st period - Shot Misses the Net.
14:52 of 1st period - Shot by Karson Kuhlman.
14:52 of 1st period - Stopped by Mads Sogaard without a rebound.
14:53 of 1st period - Shane Bowers wins face-off versus Glenn Gawdin in BAKERSFIELD Condors zone.
14:58 of 1st period - Shot by Lukas Reichel.
14:58 of 1st period - Stopped by Anthony Stolarz without a rebound.
14:59 of 1st period - Morgan Barron wins face-off versus Shane Bowers in CHICAGO Wolves zone.
14:59 of 1st period - Morgan Barron is hit by Shane Bowers.
15:06 of 1st period - Off-side.
15:07 of 1st period - Lukas Reichel wins face-off versus Morgan Barron in neutral zone.
15:10 of 1st period - Morgan Barron is hit by Jack Quinn and loses puck.
15:38 of 1st period - Shot by Karson Kuhlman.
15:38 of 1st period - Shot Misses the Net.
15:40 of 1st period - Shot by Noel Hoefenmayer.
15:40 of 1st period - Shot Misses the Net.
15:46 of 1st period - Shot by Jansen Harkins.
15:46 of 1st period - Stopped by Mads Sogaard without a rebound.
15:47 of 1st period - Will Bitten wins face-off versus Jack McBain in BAKERSFIELD Condors zone.
15:58 of 1st period - Jack McBain is hit by Wyatt Kaiser and loses puck.
16:07 of 1st period - Shot by Ondrej Kase.
16:07 of 1st period - Stopped by Mads Sogaard without a rebound.
16:08 of 1st period - Glenn Gawdin wins face-off versus Thomas Bordeleau in BAKERSFIELD Condors zone.
16:11 of 1st period - Shot by Morgan Barron.
16:11 of 1st period - Shot Misses the Net.
16:33 of 1st period - Shot by Thomas Bordeleau.
16:33 of 1st period - Stopped by Anthony Stolarz without a rebound.
16:34 of 1st period - Will Bitten wins face-off versus Jack McBain in CHICAGO Wolves zone.
17:52 of 1st period - Nikita Alexandrov is hit by Jack Quinn and loses puck.
18:25 of 1st period - Shot by Karson Kuhlman.
18:25 of 1st period - Stopped by Mads Sogaard without a rebound.
18:26 of 1st period - Jack McBain wins face-off versus Thomas Bordeleau in BAKERSFIELD Condors zone.
18:26 of 1st period - Isaak Phillips is hit by Ryan O'Rourke and loses puck.
18:35 of 1st period - Shot by Ondrej Kase.
18:35 of 1st period - Shot Blocked by Ryan O'Rourke.
18:41 of 1st period - Shot by Lias Andersson.
18:41 of 1st period - Stopped by Mads Sogaard with a rebound.
18:43 of 1st period - Shot by Jack McBain.
18:43 of 1st period - Stopped by Mads Sogaard without a rebound.
18:44 of 1st period - Morgan Barron wins face-off versus Shane Bowers in BAKERSFIELD Condors zone.
18:51 of 1st period - Shot by Morgan Barron.
18:51 of 1st period - Stopped by Mads Sogaard without a rebound.
18:52 of 1st period - Will Bitten wins face-off versus Morgan Barron in BAKERSFIELD Condors zone.
18:52 of 1st period - Marcus Bjork is hit by Jansen Harkins.
19:04 of 1st period - Shot by Trey Fix-Wolansky.
19:04 of 1st period - Stopped by Anthony Stolarz without a rebound.
19:05 of 1st period - Shane Bowers wins face-off versus Jack McBain in CHICAGO Wolves zone.
19:17 of 1st period - Shot by Jack McBain.
19:17 of 1st period - Stopped by Mads Sogaard without a rebound.
19:18 of 1st period - Morgan Barron wins face-off versus Will Bitten in BAKERSFIELD Condors zone.
19:29 of 1st period - Shot by Morgan Barron.
19:29 of 1st period - Shot Blocked by Haydn Fleury.
Goals for this period are 0 for BAKERSFIELD Condors vs 4 for CHICAGO Wolves.
Shots for this period are 6 for BAKERSFIELD Condors vs 21 for CHICAGO Wolves.

2nd period


0:01 of 2nd period - Morgan Barron wins face-off versus Lukas Reichel in neutral zone.
0:09 of 2nd period - Jack Quinn is hit by Karson Kuhlman.
0:23 of 2nd period - Shot by Lukas Reichel.
0:23 of 2nd period - Deflect By J.J. Peterka.
0:23 of 2nd period - Shot Blocked by Isaak Phillips.
0:25 of 2nd period - Shot by J.J. Peterka.
0:25 of 2nd period - Stopped by Anthony Stolarz without a rebound.
0:26 of 2nd period - Will Bitten wins face-off versus Lias Andersson in CHICAGO Wolves zone.
0:55 of 2nd period - Shot by Jack McBain.
0:55 of 2nd period - Shot Misses the Net.
1:09 of 2nd period - Jack McBain is hit by Haydn Fleury and loses puck.
1:17 of 2nd period - Minor Penalty to Karson Kuhlman for Roughing.
1:17 of 2nd period - Minor Penalty to Matej Blumel for Holding.
1:18 of 2nd period - Jack Quinn wins face-off versus Morgan Barron in neutral zone.
1:40 of 2nd period - Shot by Trevor Carrick.
1:40 of 2nd period - Shot Misses the Net.
2:02 of 2nd period - Shot by Ondrej Kase.
2:02 of 2nd period - Stopped by Mads Sogaard with a rebound.
2:12 of 2nd period - Shot by Nate Schnarr.
2:12 of 2nd period - Shot Misses the Net.
2:14 of 2nd period - Shot by Ondrej Kase.
2:14 of 2nd period - Shot Misses the Net.
2:16 of 2nd period - Shot by Joseph Cecconi.
2:16 of 2nd period - Stopped by Mads Sogaard without a rebound.
2:17 of 2nd period - Lukas Reichel wins face-off versus Morgan Barron in BAKERSFIELD Condors zone.
3:13 of 2nd period - Icing by Zayde Wisdom.
3:14 of 2nd period - Jack McBain wins face-off versus Jack Quinn in CHICAGO Wolves zone.
5:21 of 2nd period - Shot by Lias Andersson.
5:21 of 2nd period - Shot Misses the Net.
5:23 of 2nd period - Shot by Jack McBain.
5:23 of 2nd period - Shot Misses the Net.
5:25 of 2nd period - Shot by Ondrej Kase.
5:25 of 2nd period - Deflect By Jack McBain.
5:25 of 2nd period - Shot Misses the Net.
5:27 of 2nd period - Shot by Jack McBain.
5:27 of 2nd period - Shot Misses the Net.
5:29 of 2nd period - Shot by Ondrej Kase.
5:29 of 2nd period - Deflect By Lias Andersson.
5:29 of 2nd period - Shot Misses the Net.
5:52 of 2nd period - Off-side.
5:53 of 2nd period - Shane Bowers wins face-off versus Morgan Barron in neutral zone.
6:07 of 2nd period - Karson Kuhlman is hit by Haydn Fleury and loses puck.
6:18 of 2nd period - Shot by Jansen Harkins.
6:18 of 2nd period - Shot Blocked by Haydn Fleury.
6:43 of 2nd period - Icing by Lassi Thomson.
6:44 of 2nd period - Thomas Bordeleau wins face-off versus Jack McBain in BAKERSFIELD Condors zone.
6:48 of 2nd period - Lassi Thomson is hit by Lias Andersson.
6:59 of 2nd period - Jack McBain is hit by Lassi Thomson and loses puck.
7:41 of 2nd period - Shot by Ryan O'Rourke.
7:41 of 2nd period - Shot Misses the Net.
7:43 of 2nd period - Shot by Matej Blumel.
7:43 of 2nd period - Shot Misses the Net.
7:51 of 2nd period - Shot by Matej Blumel.
7:51 of 2nd period - Shot Blocked by Nate Schnarr.
7:56 of 2nd period - Minor Penalty to Mikko Kokkonen for Tripping.
7:57 of 2nd period - Jack Quinn wins face-off versus Morgan Barron in CHICAGO Wolves zone.
8:02 of 2nd period - Shot by Haydn Fleury.
8:02 of 2nd period - Shot Misses the Net.
8:06 of 2nd period - Shot by Lukas Reichel.
8:06 of 2nd period - Shot Blocked by Noel Hoefenmayer.
8:08 of 2nd period - Shot by Haydn Fleury.
8:08 of 2nd period - Shot Misses the Net.
8:10 of 2nd period - Shot by Lukas Reichel.
8:10 of 2nd period - Stopped by Anthony Stolarz without a rebound.
8:11 of 2nd period - Morgan Barron wins face-off versus Will Bitten in CHICAGO Wolves zone.
8:34 of 2nd period - Shot by Matej Blumel.
8:34 of 2nd period - Shot Misses the Net.
8:36 of 2nd period - Shot by Trevor Carrick.
8:36 of 2nd period - Stopped by Anthony Stolarz with a rebound.
8:38 of 2nd period - Shot by Trevor Carrick.
8:38 of 2nd period - Stopped by Anthony Stolarz without a rebound.
8:39 of 2nd period - Lukas Reichel wins face-off versus Morgan Barron in CHICAGO Wolves zone.
9:35 of 2nd period - Shot by Andrej Sustr.
9:35 of 2nd period - Shot Misses the Net.
9:37 of 2nd period - Shot by Will Bitten.
9:37 of 2nd period - Stopped by Anthony Stolarz with a rebound.
9:39 of 2nd period - Shot by Will Bitten.
9:39 of 2nd period - Shot Misses the Net.
9:41 of 2nd period - Shot by Andrej Sustr.
9:41 of 2nd period - Stopped by Anthony Stolarz without a rebound.
9:42 of 2nd period - Morgan Barron wins face-off versus Will Bitten in CHICAGO Wolves zone.
9:42 of 2nd period - Roland McKeown is hit by Thomas Bordeleau and loses puck.
9:47 of 2nd period - Shot by Andrej Sustr.
9:47 of 2nd period - Shot Blocked by Roland McKeown.
9:57 of 2nd period - Shot by Wyatt Kaiser.
9:57 of 2nd period - Shot Misses the Net.
10:32 of 2nd period - Icing by J.J. Peterka.
10:33 of 2nd period - Shane Bowers wins face-off versus Morgan Barron in BAKERSFIELD Condors zone.
11:00 of 2nd period - Shot by Jack Quinn.
11:00 of 2nd period - Stopped by Anthony Stolarz with a rebound.
11:02 of 2nd period - Shot by Haydn Fleury.
11:02 of 2nd period - Stopped by Anthony Stolarz without a rebound.
11:03 of 2nd period - Jack McBain wins face-off versus Will Bitten in CHICAGO Wolves zone.
11:09 of 2nd period - Minor Penalty to Andrej Sustr for Tripping.
11:10 of 2nd period - Jack Quinn wins face-off versus Jack McBain in BAKERSFIELD Condors zone.
11:10 of 2nd period - Jack Quinn is hit by Jack McBain.
11:17 of 2nd period - Jack Quinn is hit by Joseph Cecconi and loses puck.
12:10 of 2nd period - Shot by Isaak Phillips.
12:10 of 2nd period - Goal by Isaak Phillips - BAKERSFIELD Condors : 0 - CHICAGO Wolves : 5.
12:10 of 2nd period - Jaxson Stauber enters game.
12:11 of 2nd period - Thomas Bordeleau wins face-off versus Nikita Alexandrov in neutral zone.
12:18 of 2nd period - Shot by Thomas Bordeleau.
12:18 of 2nd period - Stopped by Anthony Stolarz with a rebound.
12:21 of 2nd period - Icing by Mikko Kokkonen.
12:22 of 2nd period - Nikita Alexandrov wins face-off versus Will Bitten in CHICAGO Wolves zone.
12:30 of 2nd period - Off-side.
12:31 of 2nd period - Thomas Bordeleau wins face-off versus Jack McBain in neutral zone.
12:48 of 2nd period - Shot by Thomas Bordeleau.
12:48 of 2nd period - Shot Blocked by Joseph Cecconi.
12:50 of 2nd period - Shot by Jack Quinn.
12:50 of 2nd period - Stopped by Anthony Stolarz with a rebound.
12:52 of 2nd period - Shot by Jack Quinn.
12:52 of 2nd period - Goal by Jack Quinn - BAKERSFIELD Condors : 1 - CHICAGO Wolves : 5.
12:53 of 2nd period - Karson Kuhlman wins face-off versus Will Bitten in neutral zone.
13:03 of 2nd period - Shot by Karson Kuhlman.
13:03 of 2nd period - Shot Misses the Net.
13:05 of 2nd period - Shot by Morgan Barron.
13:05 of 2nd period - Stopped by Jaxson Stauber with a rebound.
13:07 of 2nd period - Shot by Noel Hoefenmayer.
13:07 of 2nd period - Deflect By Morgan Barron.
13:07 of 2nd period - Goal by Morgan Barron - BAKERSFIELD Condors : 1 - CHICAGO Wolves : 6.
13:08 of 2nd period - Jack Quinn wins face-off versus Jack McBain in neutral zone.
13:19 of 2nd period - Shot by Marcus Bjork.
13:19 of 2nd period - Stopped by Anthony Stolarz without a rebound.
13:20 of 2nd period - Morgan Barron wins face-off versus Trey Fix-Wolansky in CHICAGO Wolves zone.
13:20 of 2nd period - Noel Hoefenmayer is hit by Matej Blumel and loses puck.
13:43 of 2nd period - Shot by Morgan Barron.
13:43 of 2nd period - Shot Misses the Net.
13:54 of 2nd period - Minor Penalty to Noel Hoefenmayer for Roughing.
13:55 of 2nd period - Morgan Barron wins face-off versus Lukas Reichel in CHICAGO Wolves zone.
14:12 of 2nd period - Shot by J.J. Peterka.
14:12 of 2nd period - Shot Blocked by Roland McKeown.
14:25 of 2nd period - Lukas Reichel is hit by Jack McBain.
15:25 of 2nd period - Shot by Haydn Fleury.
15:25 of 2nd period - Stopped by Anthony Stolarz without a rebound.
15:26 of 2nd period - Lukas Reichel wins face-off versus Karson Kuhlman in CHICAGO Wolves zone.
15:29 of 2nd period - Shot by Marcus Bjork.
15:29 of 2nd period - Deflect By Lukas Reichel.
15:29 of 2nd period - Stopped by Anthony Stolarz without a rebound.
15:30 of 2nd period - Will Bitten wins face-off versus Karson Kuhlman in CHICAGO Wolves zone.
15:35 of 2nd period - Shot by Matej Blumel.
15:35 of 2nd period - Stopped by Anthony Stolarz without a rebound.
15:36 of 2nd period - Lukas Reichel wins face-off versus Karson Kuhlman in CHICAGO Wolves zone.
15:53 of 2nd period - Shot by Lukas Reichel.
15:53 of 2nd period - Shot Blocked by Mikko Kokkonen.
16:38 of 2nd period - Shot by Jack McBain.
16:38 of 2nd period - Shot Blocked by Thomas Bordeleau.
16:50 of 2nd period - Shot by Roland McKeown.
16:50 of 2nd period - Stopped by Jaxson Stauber without a rebound.
16:51 of 2nd period - Morgan Barron wins face-off versus Matej Blumel in BAKERSFIELD Condors zone.
16:51 of 2nd period - Karson Kuhlman is hit by Trevor Carrick and loses puck.
17:14 of 2nd period - Shot by Will Bitten.
17:14 of 2nd period - Deflect By Trey Fix-Wolansky.
17:14 of 2nd period - Shot Misses the Net.
17:18 of 2nd period - Shot by Trey Fix-Wolansky.
17:18 of 2nd period - Shot Misses the Net.
18:50 of 2nd period - Shot by Chase De Leo.
18:50 of 2nd period - Stopped by Jaxson Stauber without a rebound.
18:51 of 2nd period - Thomas Bordeleau wins face-off versus Glenn Gawdin in BAKERSFIELD Condors zone.
18:51 of 2nd period - Thomas Bordeleau is hit by Glenn Gawdin.
18:58 of 2nd period - Icing by Morgan Barron.
18:59 of 2nd period - Thomas Bordeleau wins face-off versus Glenn Gawdin in CHICAGO Wolves zone.
19:06 of 2nd period - Shot by Jack Quinn.
19:06 of 2nd period - Shot Misses the Net.
19:12 of 2nd period - Shot by Aleksi Heponiemi.
19:12 of 2nd period - Stopped by Jaxson Stauber without a rebound.
19:13 of 2nd period - Shane Bowers wins face-off versus Nikita Alexandrov in BAKERSFIELD Condors zone.
19:30 of 2nd period - Shot by Haydn Fleury.
19:30 of 2nd period - Shot Misses the Net.
19:32 of 2nd period - Shot by Shane Bowers.
19:32 of 2nd period - Shot Misses the Net.
Goals for this period are 1 for BAKERSFIELD Condors vs 2 for CHICAGO Wolves.
Shots for this period are 15 for BAKERSFIELD Condors vs 8 for CHICAGO Wolves.

3rd period


0:01 of 3rd period - Morgan Barron wins face-off versus Lukas Reichel in neutral zone.
0:27 of 3rd period - Shot by Jack Quinn.
0:27 of 3rd period - Shot Misses the Net.
0:29 of 3rd period - Shot by Jack Quinn.
0:29 of 3rd period - Shot Misses the Net.
0:31 of 3rd period - Shot by Haydn Fleury.
0:31 of 3rd period - Shot Misses the Net.
0:33 of 3rd period - Shot by Jack Quinn.
0:33 of 3rd period - Stopped by Anthony Stolarz with a rebound.
1:03 of 3rd period - Shot by Will Bitten.
1:03 of 3rd period - Stopped by Anthony Stolarz without a rebound.
1:04 of 3rd period - Jack McBain wins face-off versus Thomas Bordeleau in CHICAGO Wolves zone.
1:35 of 3rd period - Shot by Lias Andersson.
1:35 of 3rd period - Deflect By Ondrej Kase.
1:35 of 3rd period - Stopped by Jaxson Stauber without a rebound.
1:36 of 3rd period - Nikita Alexandrov wins face-off versus Will Bitten in BAKERSFIELD Condors zone.
1:41 of 3rd period - Shot by Nikita Alexandrov.
1:41 of 3rd period - Stopped by Jaxson Stauber with a rebound.
1:43 of 3rd period - Shot by Joseph Cecconi.
1:43 of 3rd period - Stopped by Jaxson Stauber without a rebound.
1:44 of 3rd period - Nikita Alexandrov wins face-off versus Will Bitten in BAKERSFIELD Condors zone.
1:46 of 3rd period - Minor Penalty to Marcus Bjork for Diving.
1:47 of 3rd period - Jack Quinn wins face-off versus Jack McBain in BAKERSFIELD Condors zone.
2:06 of 3rd period - Shot by Jack McBain.
2:06 of 3rd period - Stopped by Jaxson Stauber without a rebound.
2:07 of 3rd period - Shane Bowers wins face-off versus Morgan Barron in BAKERSFIELD Condors zone.
2:55 of 3rd period - Shot by Trevor Carrick.
2:55 of 3rd period - Shot Blocked by Joseph Cecconi.
3:14 of 3rd period - Shot by Roland McKeown.
3:14 of 3rd period - Shot Misses the Net.
3:23 of 3rd period - Jack McBain is hit by Trevor Carrick and loses puck.
4:32 of 3rd period - Shot by Morgan Barron.
4:32 of 3rd period - Shot Blocked by Ryan O'Rourke.
4:57 of 3rd period - Shane Bowers is hit by Jack McBain and loses puck.
5:12 of 3rd period - Shot by J.J. Peterka.
5:12 of 3rd period - Stopped by Anthony Stolarz without a rebound.
5:13 of 3rd period - Chase De Leo wins face-off versus Will Bitten in CHICAGO Wolves zone.
5:26 of 3rd period - Shot by Will Bitten.
5:26 of 3rd period - Shot Misses the Net.
5:28 of 3rd period - Shot by Will Bitten.
5:28 of 3rd period - Stopped by Anthony Stolarz without a rebound.
5:29 of 3rd period - Jack McBain wins face-off versus Will Bitten in CHICAGO Wolves zone.
5:47 of 3rd period - Icing by Marcus Bjork.
5:48 of 3rd period - Morgan Barron wins face-off versus Will Bitten in BAKERSFIELD Condors zone.
5:55 of 3rd period - Shot by Jansen Harkins.
5:55 of 3rd period - Shot Misses the Net.
6:01 of 3rd period - Morgan Barron is hit by Matej Blumel and loses puck.
6:17 of 3rd period - Jack Quinn is hit by Noel Hoefenmayer and loses puck.
8:01 of 3rd period - Icing by Marcus Bjork.
8:02 of 3rd period - Matej Blumel wins face-off versus Nikita Alexandrov in BAKERSFIELD Condors zone.
8:04 of 3rd period - Icing by Marcus Bjork.
8:05 of 3rd period - Will Bitten wins face-off versus Kole Lind in BAKERSFIELD Condors zone.
8:31 of 3rd period - Shot by Kole Lind.
8:31 of 3rd period - Stopped by Jaxson Stauber without a rebound.
8:32 of 3rd period - Jack McBain wins face-off versus Lukas Reichel in BAKERSFIELD Condors zone.
8:37 of 3rd period - Shot by Jack McBain.
8:37 of 3rd period - Shot Blocked by Jack Quinn.
9:03 of 3rd period - Icing by Roland McKeown.
9:04 of 3rd period - Thomas Bordeleau wins face-off versus Lias Andersson in CHICAGO Wolves zone.
9:17 of 3rd period - Shot by Jack Quinn.
9:17 of 3rd period - Shot Misses the Net.
9:47 of 3rd period - Shot by J.J. Peterka.
9:47 of 3rd period - Stopped by Anthony Stolarz with a rebound.
9:49 of 3rd period - Shot by Marcus Bjork.
9:49 of 3rd period - Goal by Marcus Bjork - BAKERSFIELD Condors : 2 - CHICAGO Wolves : 6.
9:50 of 3rd period - Shane Bowers wins face-off versus Glenn Gawdin in neutral zone.
10:19 of 3rd period - Morgan Barron is hit by Marcus Bjork and loses puck.
10:54 of 3rd period - Shot by Andrej Sustr.
10:54 of 3rd period - Shot Blocked by Nate Schnarr.
11:49 of 3rd period - Kole Lind is hit by Andrej Sustr and loses puck.
12:00 of 3rd period - Shot by Nikita Alexandrov.
12:00 of 3rd period - Stopped by Jaxson Stauber without a rebound.
12:01 of 3rd period - Thomas Bordeleau wins face-off versus Glenn Gawdin in BAKERSFIELD Condors zone.
12:15 of 3rd period - Icing by Milos Kelemen.
12:16 of 3rd period - Thomas Bordeleau wins face-off versus Jack McBain in BAKERSFIELD Condors zone.
13:02 of 3rd period - Shot by Nikita Alexandrov.
13:02 of 3rd period - Stopped by Jaxson Stauber without a rebound.
13:03 of 3rd period - Shane Bowers wins face-off versus Morgan Barron in BAKERSFIELD Condors zone.
13:10 of 3rd period - Icing by Morgan Barron.
13:11 of 3rd period - Morgan Barron wins face-off versus Lukas Reichel in CHICAGO Wolves zone.
13:31 of 3rd period - Mikko Kokkonen is hit by Haydn Fleury and loses puck.
13:56 of 3rd period - Roland McKeown is hit by Shane Bowers and loses puck.
14:06 of 3rd period - Icing by Roland McKeown.
14:07 of 3rd period - Nikita Alexandrov wins face-off versus Will Bitten in CHICAGO Wolves zone.
14:07 of 3rd period - Nikita Alexandrov is hit by Matej Blumel.
14:12 of 3rd period - Minor Penalty to Matej Blumel for Tripping.
14:13 of 3rd period - Jack McBain wins face-off versus Jack Quinn in BAKERSFIELD Condors zone.
15:35 of 3rd period - Icing by Noel Hoefenmayer.
15:36 of 3rd period - Ondrej Kase wins face-off versus Jack Quinn in CHICAGO Wolves zone.
16:16 of 3rd period - Shot by Kole Lind.
16:16 of 3rd period - Stopped by Jaxson Stauber without a rebound.
16:17 of 3rd period - Will Bitten wins face-off versus Morgan Barron in BAKERSFIELD Condors zone.
16:17 of 3rd period - Will Bitten is hit by Karson Kuhlman.
16:28 of 3rd period - Icing by Joseph Cecconi.
16:29 of 3rd period - Morgan Barron wins face-off versus Thomas Bordeleau in CHICAGO Wolves zone.
16:29 of 3rd period - Karson Kuhlman is hit by Milos Kelemen and loses puck.
17:04 of 3rd period - Icing by Jack Quinn.
17:05 of 3rd period - Nikita Alexandrov wins face-off versus Thomas Bordeleau in BAKERSFIELD Condors zone.
17:54 of 3rd period - Shot by Glenn Gawdin.
17:54 of 3rd period - Shot Misses the Net.
19:05 of 3rd period - Icing by Jack Quinn.
19:06 of 3rd period - Jack McBain wins face-off versus Thomas Bordeleau in BAKERSFIELD Condors zone.
Goals for this period are 1 for BAKERSFIELD Condors vs 0 for CHICAGO Wolves.
Shots for this period are 6 for BAKERSFIELD Condors vs 8 for CHICAGO Wolves. Output by the SimonT Hockey Simulator (STHS) for Martin Benoit - Original Page W3C HTML5 Valid
Hockey Simulator - Hockey Simulation - Hockey Manager